Map: 이터널 엠파이어 - 래더

Players

Zest

  • Race: Protoss Protoss
  • Spawn Location: 7:00

Namshar - Winner!

  • Race: Zerg Zerg
  • League: Grandmaster
  • Spawn Location: 1:00

Event: StayAtHomestory Cup #1

VOD

Have the link to the VOD?

Description

Time

  • Played on: April 10, 2020, 6:16 a.m.
  • Length: 10:37

All games in this series

Show
View Real Time Build Order
Export as new Build Order

Zest Protoss 

Build Orders: 1 Gate Expand, Oracle Opening, Archon Immortal 

Get SALT Encoding   

  12  0:00  Probe  
  13  0:12  Probe  
  14  0:19  Pylon  
  14  0:24  Probe  
  15  0:37  Probe (Chrono Boost)  
  15  0:40  Gateway  
  16  0:46  Probe (Chrono Boost)  
  16  0:48  Assimilator  
  17  0:51  Probe (Chrono Boost)  
  18  1:03  Probe  
  19  1:15  Probe  
  20  1:26  Nexus  
  20  1:36  Cybernetics Core  
  20  1:39  Probe  
  21  1:45  Assimilator  
  21  1:51  Probe  
  22  1:55  Pylon  
  22  2:03  Probe  
  23  2:11  Adept (Chrono Boost)  
  25  2:18  Probe  
  25  2:19  Stargate  
  26  2:26  Warp Gate  
  26  2:30  Probe  
  26  2:35  Stalker  
  29  2:38  Probe (Chrono Boost)  
  30  2:50  Probe x2 (Chrono Boost)  
  31  2:56  Probe (Chrono Boost)  
  31  2:57  Probe (Chrono Boost)  
  33  3:00  Oracle (Chrono Boost)  
  36  3:06  Probe  
  36  3:08  Probe  
  36  3:11  Pylon  
  38  3:18  Probe  
  39  3:20  Probe  
  40  3:27  Gateway  
  40  3:28  Oracle (Chrono Boost)  
  40  3:30  Probe  
  40  3:32  Probe  
  45  3:42  Probe  
  45  3:43  Pylon  
  45  3:44  Probe  
  45  3:48  Assimilator  
  47  3:51  Assimilator  
  47  3:54  Probe  
  48  3:56  Probe  
  48  3:58  Oracle (Chrono Boost)  
  52  4:06  Probe, Pylon  
  52  4:08  Pylon  
  52  4:09  Probe  
  54  4:16  Robotics Facility  
  54  4:18  Probe  
  54  4:21  Probe  
  54  4:22  Adept x2  
  60  4:34  Probe x2  
  62  4:47  Nexus  
  62  4:49  Pylon  
  62  4:50  Probe x2  
  64  5:02  Twilight Council  
  64  5:03  Forge  
  64  5:04  Probe x2  
  66  5:08  Adept x2  
  66  5:12  Shield Battery  
  64  5:17  Observer (Chrono Boost)  
  64  5:20  Probe x2  
  64  5:24  Charge  
  62  5:31  Stalker x2  
  62  5:32  Immortal  
  70  5:36  Probe x2  
  70  5:37  Protoss Ground Weapons Level 1 (Chrono Boost)  
  72  5:48  Probe x2  
  74  5:56  Pylon, Sentry  
  74  5:57  Sentry  
  78  6:00  Probe x2  
  80  6:06  Probe  
  80  6:10  Gateway  
  81  6:12  Gateway  
  81  6:14  Gateway  
  81  6:15  Templar Archives  
  81  6:20  Probe x3  
  81  6:24  Immortal  
  88  6:34  Gateway x2  
  88  6:36  Pylon  
  88  6:48  Gateway  
  88  6:52  Sentry  
  88  6:53  Probe  
  88  6:54  Probe x2  
  93  6:55  Assimilator  
  93  6:59  Assimilator  
  93  7:02  Warp Prism  
  95  7:12  Pylon  
  95  7:18  High Templar x4  
  95  7:19  Zealot  
  105  7:22  Photon Cannon  
  105  7:24  Pylon, Photon Cannon  
  105  7:25  Photon Cannon  
  105  7:27  Archon x2  
  105  7:29  Zealot x2  
  109  7:46  Zealot x2  
  109  7:48  Protoss Ground Weapons Level 2 (Chrono Boost)  
  113  7:54  Zealot x6  
  113  7:55  Nexus  
  113  7:58  Pylon  
  125  8:11  Pylon  
  125  8:19  Zealot x8  
  131  8:42  Zealot x8  
  131  8:48  Pylon  
  147  8:50  Pylon  
  147  8:52  Pylon  
  123  9:05  Zealot x2  
  123  9:06  Zealot x6  
  87  9:24  Immortal (Chrono Boost)  
  83  9:28  Zealot x3  
  83  9:29  Zealot x5  
  103  9:50  High Templar x4  
  103  9:51  High Templar x4  
  119  9:53  Immortal (Chrono Boost)  
  119  9:54  Archon x2  
  119  9:55  Archon x2  
  123  10:19  High Templar x3  
  123  10:20  High Templar x3  
  135  10:23  Archon  
  135  10:24  Archon x2  
Show
View Real Time Build Order
Export as new Build Order

Namshar Zerg - Winner!

Build Orders: Hatch First 

Get SALT Encoding   

  12  0:00  Drone  
  13  0:08  Drone  
  13  0:13  Extractor  
  13  0:14  Drone  
  15  0:37  Hatchery  
  14  0:44  Overlord  
  14  0:49  Extractor  
  14  0:50  Drone  
  15  1:02  Drone x2  
  17  1:06  Drone  
  18  1:14  Extractor  
  18  1:17  Spawning Pool  
  16  1:19  Drone  
  17  1:32  Drone  
  18  1:38  Drone  
  19  1:48  Overlord  
  19  1:56  Drone  
  20  2:04  Queen x2  
  20  2:05  Zergling x4  
  26  2:13  Drone, Metabolic Boost  
  27  2:19  Drone  
  27  2:21  Drone  
  29  2:29  Drone  
  30  2:42  Hatchery  
  30  2:43  Drone  
  30  2:50  Overlord  
  29  2:58  Drone  
  29  2:59  Queen, Drone  
  29  3:04  Zergling x4  
  35  3:10  Drone x2  
  37  3:15  Drone x3  
  37  3:19  Drone x2  
  42  3:23  Overlord  
  42  3:30  Lair  
  42  3:40  Roach Warren  
  41  3:42  Drone x2  
  41  3:44  Overlord  
  43  4:00  Drone x6  
  49  4:05  Spore Crawler  
  49  4:08  Drone x2  
  49  4:09  Spore Crawler  
  49  4:11  Drone  
  49  4:12  Drone  
  49  4:15  Overlord  
  51  4:22  Spore Crawler  
  50  4:24  Zergling x10  
  54  4:37  Glial Reconstitution  
  54  4:38  Drone  
  54  4:40  Overlord  
  54  4:41  Overlord  
  54  4:44  Extractor  
  54  4:45  Extractor  
  53  4:46  Queen  
  53  4:49  Drone x2  
  53  4:51  Drone  
  58  5:02  Drone x7  
  62  5:07  Queen  
  62  5:17  Drone x8  
  66  5:31  Hydralisk Den  
  66  5:32  Extractor, Evolution Chamber  
  66  5:33  Drone x6  
  68  5:35  Overseer  
  68  5:41  Queen  
  70  5:43  Drone x5  
  70  5:44  Overlord  
  70  5:45  Drone  
  76  5:51  Drone  
  76  5:52  Drone  
  78  5:57  Zerg Melee Weapons Level 1  
  78  6:01  Overlord  
  78  6:02  Grooved Spines  
  78  6:07  Queen  
  78  6:09  Queen  
  78  6:10  Extractor, Drone  
  78  6:11  Extractor  
  81  6:16  Baneling Nest  
  81  6:18  Queen  
  82  6:24  Drone  
  82  6:25  Drone  
  84  6:26  Overlord  
  84  6:27  Overseer, Hydralisk x2  
  88  6:32  Hatchery  
  87  6:40  Hydralisk  
  87  6:41  Hydralisk x3  
  95  7:09  Overlord x3  
  95  7:10  Centrifical Hooks  
  95  7:13  Muscular Augments  
  95  7:14  Hydralisk x5  
  105  7:18  Overlord x4  
  105  7:19  Overlord  
  105  7:23  Unknown  
  104  7:31  Drone x3, Hydralisk  
  104  7:32  Hydralisk x5  
  119  7:39  Roach x4  
  127  7:47  Roach x2  
  127  7:48  Roach  
  127  7:50  Queen  
  135  7:52  Overlord  
  135  7:53  Zerg Melee Weapons Level 2  
  135  7:55  Hydralisk x3  
  135  7:57  Zergling x4  
  143  8:03  Ravager x2  
  145  8:06  Overlord x2  
  145  8:08  Ravager  
  145  8:10  Zergling x2, Hydralisk x2  
  145  8:11  Zergling x6  
  154  8:16  Hydralisk  
  154  8:17  Hydralisk x2  
  160  8:24  Hydralisk  
  160  8:25  Hydralisk x3  
  165  8:38  Hydralisk x5  
  170  8:44  Hydralisk x3  
  170  8:48  Zergling x6  
  179  8:56  Hydralisk x5  
  180  9:05  Hydralisk  
  180  9:06  Hydralisk x3  
  161  9:10  Hydralisk x2  
  161  9:13  Hydralisk  
  161  9:15  Zergling x6  
  157  9:23  Hydralisk x3  
  163  9:31  Zergling x12  
  169  9:41  Zergling x12  
  169  9:45  Zergling x4  
  177  9:51  Baneling x5  
  177  9:52  Baneling x2  
  177  9:53  Zergling x10  
  182  10:01  Baneling x6  
  182  10:02  Baneling x8  
  182  10:10  Baneling x6  
  182  10:11  Baneling x2  
  182  10:19  Baneling x7  
Tags
 
Add a new tag
Caveats
  • Supply blocks, unpowered buildings, or Contaminate may cause inaccurate times.
  • Supply counts are checked every 10 seconds.